Inferno vs Saguenéens
Created - 28 février 2016 at 20:01
Goals
|
| Inferno |
1 |
0 |
1 |
2 |
| Saguenéens |
1 |
3 |
1 |
5 |
|
Shots
|
| Inferno |
4 |
11 |
5 |
20 |
| Saguenéens |
8 |
19 |
14 |
41 |
|
1st period
1. Inferno , Vladimir Zharkov 22 (Vladimir Sobotka, Christian Folin) at 2:03
2. Saguenéens , Rhett Rakhshani 14 (Brett Lebda, Karel Pilar) at 2:43
Penalties :
Pavel Vorobiev (Anc) for Tripping (Minor) at 14:43
2nd period
3. Saguenéens , Rhett Rakhshani 15 (Kris Russell) at 2:10
4. Saguenéens , Kyle Brodziak 44 (Tyler Pitlick, J.T. Wyman) at 9:15
5. Saguenéens , Rhett Rakhshani 16 (Brian Flynn, Tyler McNeely) at 11:45
Penalties :
No Penalty
3rd period
6. Saguenéens , Mathieu Perreault 13 (David Laliberté) at 14:22
7. Inferno , Stephane Veilleux 26 (Mikhail Grabovski, Jonathan Ferland) at 14:28
Penalties :
Dalton Prout (Chi) for Interference (Minor) at 4:22
Goalie Stats
Josh Harding (Anc), 36 saves from 41 shots - (0,878), L, 23-14-3, 60:00 minutes
Harru Sateri (Chi), 18 saves from 20 shots - (0,900), W, 15-9-2, 60:00 minutes
Players Stats for Inferno
Player Name G A P +/- PIM S H SB GA TA FO MP PP MP PK MP
------------------------------------------------------------------------------------
Anders Lee 0 0 0 0 0 1 3 0 0 0 0/0 12:38 0:00 0:13
Beau Bennett 0 0 0 -1 0 0 2 0 0 0 0/0 8:58 0:00 0:00
Brendan Mikkelson 0 0 0 -3 0 0 1 2 1 1 0/0 26:54 1:08 1:14
Brian Boyle 0 0 0 0 0 2 3 1 0 0 5/9 13:47 0:00 0:20
Cal O'Reilly 0 0 0 -1 0 2 1 1 0 0 1/3 9:53 0:52 0:00
Christian Folin 0 1 1 -1 0 0 0 1 0 0 0/0 8:58 0:00 0:00
Colby Robak 0 0 0 -1 0 1 1 0 0 0 0/0 15:46 0:51 0:45
David Ullstrom 0 0 0 0 0 1 0 1 0 1 0/1 16:08 0:52 0:13
Jonathan Ferland 0 1 1 -2 0 3 2 0 1 0 1/1 20:37 1:07 0:56
Marc Methot 0 0 0 0 0 1 0 2 0 1 0/0 21:52 0:00 0:45
Mikhail Grabovski 0 1 1 -2 0 1 2 0 0 0 12/30 20:11 1:07 0:30
Pavel Vorobiev 0 0 0 0 2 1 1 0 0 0 1/1 13:26 0:00 0:00
Sami Vatanen 0 0 0 1 0 2 2 2 0 0 0/0 18:11 0:51 0:00
Simon Danis-Pepin 0 0 0 -1 0 0 0 0 0 1 0/0 15:24 0:00 1:14
Stephane Veilleux 1 0 1 -2 0 3 0 0 0 0 1/2 21:17 1:07 0:50
Vladimir Sobotka 0 1 1 0 0 1 2 2 0 1 3/8 16:12 0:00 0:56
Vladimir Zharkov 1 0 1 0 0 1 4 0 0 0 0/0 15:55 0:52 0:00
Yannick Weber 0 0 0 -2 0 0 3 0 0 0 0/0 21:53 1:08 0:00
Players Stats for Saguenéens
Player Name G A P +/- PIM S H SB GA TA FO MP PP MP PK MP
------------------------------------------------------------------------------------
Brandon Burlon 0 0 0 1 0 2 1 0 0 0 0/0 17:13 0:00 0:00
Brendan Ranford 0 0 0 0 0 0 1 0 0 0 0/0 9:48 0:00 0:37
Brett Lebda 0 1 1 0 0 5 3 2 0 0 0/0 26:56 0:47 1:13
Brian Flynn 0 1 1 3 0 1 0 0 1 0 2/4 13:38 0:51 0:00
Dalton Prout 0 0 0 2 2 1 1 0 0 0 0/0 14:19 0:00 0:00
David Laliberté 0 1 1 0 0 5 1 1 1 0 1/1 17:01 0:51 0:16
J.T. Wyman 0 1 1 0 0 2 4 0 0 0 0/0 19:21 1:08 0:00
Jerry D'Amigo 0 0 0 0 0 1 1 0 0 0 0/0 8:37 0:00 0:00
Jim O'Brien 0 0 0 0 0 1 0 1 1 0 1/3 10:04 0:00 0:53
Karel Pilar 0 1 1 2 0 4 1 4 0 0 0/0 21:21 1:12 0:46
Kevin Marshall 0 0 0 -1 0 5 3 0 0 0 0/0 24:53 0:47 1:13
Kris Russell 0 1 1 2 0 2 2 1 0 0 0/0 15:51 1:12 0:46
Kyle Brodziak 1 0 1 0 0 3 3 1 2 0 16/27 20:27 1:08 1:06
Mathieu Perreault 1 0 1 0 0 3 1 0 0 1 9/15 16:45 0:51 0:00
Rhett Rakhshani 3 0 3 3 0 4 2 0 0 1 1/1 12:44 0:00 0:00
Tim Kennedy 0 0 0 0 0 0 1 0 0 0 0/1 16:57 0:00 1:06
Tyler McNeely 0 1 1 3 0 2 3 0 0 0 0/0 12:44 0:00 0:00
Tyler Pitlick 0 1 1 0 0 0 2 0 0 0 1/3 19:21 1:08 0:00
3 Stars
1 - Rhett Rakhshani (Chi)
2 - Tyler McNeely (Chi)
3 - Vladimir Zharkov (Anc)
Power Play
Inferno - 0 on 1 Attempt(s) - 0,00%
Saguenéens - 0 on 1 Attempt(s) - 0,00%
Penalty Kill
Inferno - 1 on 1 Attempt(s) - 100,00%
- Score 0 goal in Penalty Kill
Saguenéens - 1 on 1 Attempt(s) - 100,00%
- Score 0 goal in Penalty Kill
Team Stat
Inferno - Hits : 27 - Faceoff Wins : 24 - Blocked Shots : 12 - Penalty Minutes : 2
Saguenéens - Hits : 30 - Faceoff Wins : 31 - Blocked Shots : 10 - Penalty Minutes : 2
Official
Referees : McCauley Wes and Pollock Kevin
Linesman : Pierre Racicot and Jay Sharrers
Game Notes
Rhett Rakhshani has scored a Hat Trick!
Anders Lee is injured at 15:35 of 3rd period (Sprained Left Ankle)
Finance
Level 1 -- Attendance: 1397 (69,85%) -- Ticket Income 55 880 $
Level 2 -- Attendance: 813 (81,30%) -- Ticket Income 16 260 $
Total Attendance: 2210 (73,67%)
Total Ticket Income: 72 140 $
Other Income: 3 607 $
Total Income: 75 747 $
Inferno
5 vs 5 Forward
Center Left Wing Right Wing Time % Phy DF OF
1 Mikhail Grabovski Stephane Veilleux Jonathan Ferland 40 1 2 2
2 Vladimir Sobotka David Ullstrom Vladimir Zharkov 30 1 2 2
3 Brian Boyle Anders Lee Pavel Vorobiev 20 1 2 2
4 Cal O'Reilly Christian Folin Beau Bennett 10 1 2 2
5 vs 5 Defense
Defense Defense Time % Phy DF OF
1 Brendan Mikkelson Yannick Weber 40 1 2 2
2 Sami Vatanen Marc Methot 30 1 2 2
3 Simon Danis-Pepin Colby Robak 20 1 2 2
4 Brendan Mikkelson Marc Methot 10 1 2 2
PowerPlay Forward
Center Left Wing Right Wing Time % Phy DF OF
1 Mikhail Grabovski Stephane Veilleux Jonathan Ferland 60 1 2 2
2 Cal O'Reilly David Ullstrom Vladimir Zharkov 40 1 2 2
PowerPlay Defense
Defense Defense Time % Phy DF OF
1 Brendan Mikkelson Yannick Weber 60 1 2 2
2 Sami Vatanen Colby Robak 40 1 2 2
Penalty Kill 4 Players Forward
Center Wing Time % Phy DF OF
1 Vladimir Sobotka Jonathan Ferland 60 1 2 2
2 Mikhail Grabovski Stephane Veilleux 40 1 2 2
Penalty Kill 4 Players Defense
Defense Defense Time % Phy DF OF
1 Brendan Mikkelson Simon Danis-Pepin 60 1 2 2
2 Colby Robak Marc Methot 40 1 2 2
Penalty Kill - 3 Players Forward
Forward Time % Phy DF OF
1 Jonathan Ferland 60 1 2 2
2 Vladimir Sobotka 40 1 2 2
Penalty Kill - 3 Players Defense
Defense Defense Time % Phy DF OF
1 Brendan Mikkelson Simon Danis-Pepin 60 1 2 2
2 Colby Robak Marc Methot 40 1 2 2
4 vs 4 Forward
Center Wing Time % Phy DF OF
1 Mikhail Grabovski Jonathan Ferland 60 1 2 2
2 Vladimir Sobotka Stephane Veilleux 40 1 2 2
4 vs 4 Defense
Defense Defense Time % Phy DF OF
1 Brendan Mikkelson Yannick Weber 60 1 2 2
2 Sami Vatanen Marc Methot 40 1 2 2
Last Minutes Offensive
Center Left Wing Right Wing Defense Defense
Mikhail Grabovski Stephane Veilleux Jonathan Ferland Brendan Mikkelson Yannick Weber
Last Minutes Defensive
Center Left Wing Right Wing Defense Defense
Mikhail Grabovski Stephane Veilleux Jonathan Ferland Brendan Mikkelson Marc Methot
Goaltenders
Starting : Josh Harding
Backup : Michael Hutchinson
Extra Forwards
Normal : Vladimir Sobotka, Vladimir Zharkov, Brian Boyle - PP : Pavel Vorobiev, Beau Bennett - PK : Brian Boyle
Extra Defensemen
Normal : Colby Robak, Sami Vatanen, Marc Methot - PP : Sami Vatanen - PK : Colby Robak, Simon Danis-Pepin
Penalty Shots
Mikhail Grabovski, Vladimir Zharkov, Jonathan Ferland, Anders Lee, Pavel Vorobiev
Saguenéens
5 vs 5 Forward
Center Left Wing Right Wing Time % Phy DF OF
1 Kyle Brodziak J.T. Wyman Tyler Pitlick 40 1 2 2
2 Mathieu Perreault Tim Kennedy David Laliberté 30 1 2 2
3 Brian Flynn Tyler McNeely Rhett Rakhshani 20 1 2 2
4 Jim O'Brien Brendan Ranford Jerry D'Amigo 10 1 2 2
5 vs 5 Defense
Defense Defense Time % Phy DF OF
1 Brett Lebda Kevin Marshall 40 1 2 2
2 Karel Pilar Brandon Burlon 31 1 2 2
3 Kris Russell Dalton Prout 23 1 2 2
4 Brett Lebda Karel Pilar 6 1 2 2
PowerPlay Forward
Center Left Wing Right Wing Time % Phy DF OF
1 Kyle Brodziak J.T. Wyman Tyler Pitlick 60 1 2 2
2 Mathieu Perreault Brian Flynn David Laliberté 40 1 2 2
PowerPlay Defense
Defense Defense Time % Phy DF OF
1 Brett Lebda Kevin Marshall 50 1 2 2
2 Karel Pilar Kris Russell 50 1 2 2
Penalty Kill 4 Players Forward
Center Wing Time % Phy DF OF
1 Kyle Brodziak Tim Kennedy 60 1 2 2
2 Jim O'Brien David Laliberté 40 1 2 2
Penalty Kill 4 Players Defense
Defense Defense Time % Phy DF OF
1 Brett Lebda Kevin Marshall 60 1 2 2
2 Karel Pilar Kris Russell 40 1 2 2
Penalty Kill - 3 Players Forward
Forward Time % Phy DF OF
1 Kyle Brodziak 60 1 2 2
2 David Laliberté 40 1 2 2
Penalty Kill - 3 Players Defense
Defense Defense Time % Phy DF OF
1 Brett Lebda Kevin Marshall 60 1 2 2
2 Karel Pilar Kris Russell 40 1 2 2
4 vs 4 Forward
Center Wing Time % Phy DF OF
1 Kyle Brodziak Tyler Pitlick 60 1 2 2
2 Brian Flynn Tim Kennedy 40 1 2 2
4 vs 4 Defense
Defense Defense Time % Phy DF OF
1 Brett Lebda Kevin Marshall 60 1 2 2
2 Karel Pilar Kris Russell 40 1 2 2
Last Minutes Offensive
Center Left Wing Right Wing Defense Defense
Kyle Brodziak J.T. Wyman David Laliberté Brett Lebda Karel Pilar
Last Minutes Defensive
Center Left Wing Right Wing Defense Defense
Kyle Brodziak J.T. Wyman David Laliberté Brett Lebda Karel Pilar
Goaltenders
Starting : Harru Sateri
Backup : Al Montoya
Extra Forwards
Normal : Tim Kennedy, Brian Flynn, Jim O'Brien - PP : Tim Kennedy, David Laliberté - PK : Tim Kennedy
Extra Defensemen
Normal : Karel Pilar, Dalton Prout, Kevin Marshall - PP : Brandon Burlon - PK : Kris Russell, Dalton Prout
Penalty Shots
Kyle Brodziak, J.T. Wyman, David Laliberté, Brian Flynn, Mathieu Perreault
% Time on Ice - Inferno
Lines # - Real PCT - Wanted PCT - Time Play
Normal Forward
1 - 33% - 40% - 18:34
2 - 27% - 30% - 15:03
3 - 24% - 20% - 13:27
4 - 16% - 10% - 8:58
Normal Defense
1 - 37% - 40% - 20:45
2 - 30% - 30% - 17:01
3 - 25% - 20% - 14:10
4 - 7% - 10% - 4:06
PP Forward
1 - 56% - 60% - 1:07
2 - 44% - 40% - 0:52
PP Defense
1 - 57% - 60% - 1:08
2 - 43% - 40% - 0:51
PK Forward
1 - 75% - 60% - 1:29
2 - 25% - 40% - 0:30
PK Defense
1 - 62% - 60% - 1:14
2 - 38% - 40% - 0:45
PK3 Forward
1 - 0% - 60%
2 - 0% - 40%
PK3 Defense
1 - 0% - 60%
2 - 0% - 40%
44 Forward
1 - 0% - 60%
2 - 0% - 40%
44 Defense
1 - 0% - 60%
2 - 0% - 40%
Last Minute Offensive - 0:00
Last Minute Defensive - 0:00
Total
Forward - 60:00
Defense - 60:00
|
% Time on Ice - Saguenéens
Lines # - Real PCT - Wanted PCT - Time Play
Normal Forward
1 - 34% - 40% - 18:47
2 - 28% - 30% - 15:54
3 - 23% - 20% - 12:44
4 - 15% - 10% - 8:37
Normal Defense
1 - 41% - 40% - 22:53
2 - 33% - 31% - 18:14
3 - 23% - 23% - 12:52
4 - 4% - 6% - 2:03
PP Forward
1 - 57% - 60% - 1:08
2 - 43% - 40% - 0:51
PP Defense
1 - 39% - 50% - 0:47
2 - 61% - 50% - 1:12
PK Forward
1 - 87% - 60% - 1:43
2 - 13% - 40% - 0:16
PK Defense
1 - 61% - 60% - 1:13
2 - 39% - 40% - 0:46
PK3 Forward
1 - 0% - 60%
2 - 0% - 40%
PK3 Defense
1 - 0% - 60%
2 - 0% - 40%
44 Forward
1 - 0% - 60%
2 - 0% - 40%
44 Defense
1 - 0% - 60%
2 - 0% - 40%
Last Minute Offensive - 0:00
Last Minute Defensive - 0:00
Total
Forward - 60:00
Defense - 60:00
|
Play by Play
1st period
0:01 of 1st period - Mikhail Grabovski wins face-off versus Tyler Pitlick in neutral zone.
0:27 of 1st period - Kevin Marshall is hit by Vladimir Zharkov.
0:37 of 1st period - Brendan Mikkelson is hit by Brandon Burlon and loses puck.
0:50 of 1st period - Slapshot by Brian Boyle.
0:50 of 1st period - Shot Misses the Net.
1:07 of 1st period - Icing by Brendan Mikkelson.
1:08 of 1st period - Brian Boyle wins face-off versus Jim O'Brien in Inferno zone.
1:21 of 1st period - Slapshot by Kris Russell.
1:21 of 1st period - Deflect By Mikhail Grabovski.
1:21 of 1st period - Stopped by Josh Harding with a rebound.
1:41 of 1st period - Wrist shot by Kyle Brodziak.
1:41 of 1st period - Shot Misses the Net.
2:01 of 1st period - Wrist shot by Vladimir Sobotka.
2:01 of 1st period - Shot Misses the Net.
2:03 of 1st period - Snap shot by Vladimir Zharkov.
2:03 of 1st period - Goal by Vladimir Zharkov - Inferno : 1 - Saguenéens : 0.
2:04 of 1st period - Kyle Brodziak wins face-off versus Mikhail Grabovski in neutral zone.
2:09 of 1st period - Mikhail Grabovski is hit by Tyler Pitlick and loses puck.
2:27 of 1st period - Icing by Brett Lebda.
2:28 of 1st period - Vladimir Sobotka wins face-off versus Brian Flynn in Saguenéens zone.
2:41 of 1st period - Wrist shot by Rhett Rakhshani.
2:41 of 1st period - Shot Blocked by Vladimir Sobotka.
2:43 of 1st period - Snap shot by Rhett Rakhshani.
2:43 of 1st period - Goal by Rhett Rakhshani - Inferno : 1 - Saguenéens : 1.
2:44 of 1st period - Brian Boyle wins face-off versus Tim Kennedy in neutral zone.
2:55 of 1st period - Wrist shot by Brian Boyle.
2:55 of 1st period - Shot Blocked by Brett Lebda.
2:57 of 1st period - Wrist shot by Anders Lee.
2:57 of 1st period - Stopped by Harru Sateri with a rebound.
3:09 of 1st period - Marc Methot is hit by Tyler Pitlick and loses puck.
3:16 of 1st period - Snap shot by Mikhail Grabovski.
3:16 of 1st period - Shot Misses the Net.
3:18 of 1st period - Slapshot by Simon Danis-Pepin.
3:18 of 1st period - Shot Blocked by Brett Lebda.
3:28 of 1st period - Simon Danis-Pepin is hit by Brett Lebda.
3:50 of 1st period - Colby Robak is hit by Tim Kennedy and loses puck.
4:16 of 1st period - Icing by Colby Robak.
4:17 of 1st period - Kyle Brodziak wins face-off versus Brian Boyle in Inferno zone.
4:33 of 1st period - Off-side.
4:34 of 1st period - Mikhail Grabovski wins face-off versus Mathieu Perreault in neutral zone.
5:06 of 1st period - Snap shot by Jonathan Ferland.
5:06 of 1st period - Stopped by Harru Sateri with a rebound.
5:55 of 1st period - Off-side.
5:56 of 1st period - Brian Boyle wins face-off versus Mathieu Perreault in neutral zone.
5:59 of 1st period - Mathieu Perreault is hit by Sami Vatanen and loses puck.
6:29 of 1st period - Snap shot by J.T. Wyman.
6:29 of 1st period - Stopped by Josh Harding with a rebound.
6:59 of 1st period - Wrist shot by Vladimir Sobotka.
6:59 of 1st period - Shot Misses the Net.
7:05 of 1st period - Vladimir Sobotka is hit by Kevin Marshall and loses puck.
7:44 of 1st period - Backhand shot by Brett Lebda.
7:44 of 1st period - Stopped by Josh Harding without a rebound.
7:45 of 1st period - Mikhail Grabovski wins face-off versus Kyle Brodziak in Inferno zone.
7:58 of 1st period - Snap shot by Kyle Brodziak.
7:58 of 1st period - Stopped by Josh Harding with a rebound.
8:00 of 1st period - Snap shot by J.T. Wyman.
8:00 of 1st period - Shot Misses the Net.
9:00 of 1st period - Brendan Mikkelson is hit by J.T. Wyman and loses puck.
10:08 of 1st period - Pavel Vorobiev is hit by Brendan Ranford and loses puck.
10:33 of 1st period - Wrist shot by Kyle Brodziak.
10:33 of 1st period - Shot Misses the Net.
10:39 of 1st period - Tyler Pitlick is hit by Jonathan Ferland and loses puck.
10:50 of 1st period - Brendan Mikkelson is hit by Tyler McNeely and loses puck.
11:43 of 1st period - Pavel Vorobiev is hit by Kris Russell and loses puck.
12:22 of 1st period - Slapshot by Brandon Burlon.
12:22 of 1st period - Stopped by Josh Harding without a rebound.
12:23 of 1st period - Jim O'Brien wins face-off versus Mikhail Grabovski in Inferno zone.
12:36 of 1st period - Icing by Stephane Veilleux.
12:37 of 1st period - Mikhail Grabovski wins face-off versus Kyle Brodziak in Inferno zone.
13:02 of 1st period - Brett Lebda is hit by Yannick Weber and loses puck.
13:15 of 1st period - David Ullstrom is hit by Kevin Marshall and loses puck.
13:48 of 1st period - Snap shot by Brett Lebda.
13:48 of 1st period - Stopped by Josh Harding with a rebound.
14:43 of 1st period - Minor Penalty to Pavel Vorobiev for Tripping.
14:44 of 1st period - Kyle Brodziak wins face-off versus Vladimir Sobotka in Inferno zone.
14:51 of 1st period - J.T. Wyman is hit by Vladimir Sobotka.
15:51 of 1st period - Mikhail Grabovski is hit by J.T. Wyman.
16:33 of 1st period - Tyler Pitlick is hit by Anders Lee and loses puck.
16:43 of 1st period - Penalty to Pavel Vorobiev is over, Pavel Vorobiev is back on ice.
16:48 of 1st period - Beau Bennett is hit by Kris Russell and loses puck.
16:56 of 1st period - Brian Flynn is hit by Beau Bennett and loses puck.
17:15 of 1st period - Jerry D'Amigo is hit by Anders Lee.
17:33 of 1st period - David Ullstrom is hit by Tyler McNeely and loses puck.
18:11 of 1st period - Snap shot by Stephane Veilleux.
18:11 of 1st period - Stopped by Harru Sateri without a rebound.
18:12 of 1st period - Rhett Rakhshani wins face-off versus Mikhail Grabovski in Saguenéens zone.
18:45 of 1st period - Wrist shot by Jim O'Brien.
18:45 of 1st period - Stopped by Josh Harding with a rebound.
19:05 of 1st period - Wrist shot by Tim Kennedy.
19:05 of 1st period - Shot Misses the Net.
19:07 of 1st period - Snap shot by Brandon Burlon.
19:07 of 1st period - Shot Blocked by Cal O'Reilly.
Goals for this period are 1 for Inferno vs 1 for Saguenéens.
Shots for this period are 4 for Inferno vs 8 for Saguenéens.
2nd period
0:01 of 2nd period - Kyle Brodziak wins face-off versus Mikhail Grabovski in neutral zone.
0:12 of 2nd period - Stephane Veilleux is hit by J.T. Wyman and loses puck.
0:25 of 2nd period - Brett Lebda is hit by Anders Lee and loses puck.
0:32 of 2nd period - Snap shot by Brian Boyle.
0:32 of 2nd period - Stopped by Harru Sateri without a rebound.
0:33 of 2nd period - Mathieu Perreault wins face-off versus Mikhail Grabovski in Saguenéens zone.
1:05 of 2nd period - Wrist shot by Rhett Rakhshani.
1:05 of 2nd period - Stopped by Josh Harding without a rebound.
1:06 of 2nd period - Vladimir Sobotka wins face-off versus Tyler Pitlick in Inferno zone.
1:12 of 2nd period - Brett Lebda is hit by Vladimir Zharkov and loses puck.
1:31 of 2nd period - Brendan Mikkelson is hit by Mathieu Perreault and loses puck.
1:38 of 2nd period - Wrist shot by Brian Boyle.
1:38 of 2nd period - Stopped by Harru Sateri without a rebound.
1:39 of 2nd period - Kyle Brodziak wins face-off versus Mikhail Grabovski in Saguenéens zone.
2:10 of 2nd period - Slapshot by Rhett Rakhshani.
2:10 of 2nd period - Goal by Rhett Rakhshani - Inferno : 1 - Saguenéens : 2.
2:11 of 2nd period - Kyle Brodziak wins face-off versus Mikhail Grabovski in neutral zone.
2:14 of 2nd period - Slapshot by Brett Lebda.
2:14 of 2nd period - Stopped by Josh Harding with a rebound.
2:16 of 2nd period - Snap shot by Kevin Marshall.
2:16 of 2nd period - Shot Misses the Net.
2:18 of 2nd period - Wrist shot by J.T. Wyman.
2:18 of 2nd period - Shot Misses the Net.
2:20 of 2nd period - Snap shot by J.T. Wyman.
2:20 of 2nd period - Shot Misses the Net.
2:41 of 2nd period - Wrist shot by Brett Lebda.
2:41 of 2nd period - Stopped by Josh Harding with a rebound.
2:43 of 2nd period - Wrist shot by Brett Lebda.
2:43 of 2nd period - Shot Misses the Net.
2:45 of 2nd period - Slapshot by Kevin Marshall.
2:45 of 2nd period - Stopped by Josh Harding with a rebound.
3:00 of 2nd period - Off-side.
3:01 of 2nd period - Kyle Brodziak wins face-off versus Brian Boyle in neutral zone.
3:04 of 2nd period - Snap shot by Kyle Brodziak.
3:04 of 2nd period - Shot Blocked by Sami Vatanen.
3:06 of 2nd period - Snap shot by Brandon Burlon.
3:06 of 2nd period - Stopped by Josh Harding with a rebound.
3:08 of 2nd period - Slapshot by Karel Pilar.
3:08 of 2nd period - Stopped by Josh Harding with a rebound.
3:10 of 2nd period - Snap shot by J.T. Wyman.
3:10 of 2nd period - Shot Misses the Net.
3:12 of 2nd period - Snap shot by J.T. Wyman.
3:12 of 2nd period - Stopped by Josh Harding with a rebound.
3:26 of 2nd period - Anders Lee is hit by Rhett Rakhshani and loses puck.
3:31 of 2nd period - Backhand shot by Brian Flynn.
3:31 of 2nd period - Stopped by Josh Harding with a rebound.
4:05 of 2nd period - Snap shot by Brett Lebda.
4:05 of 2nd period - Shot Blocked by Marc Methot.
4:15 of 2nd period - Kyle Brodziak is hit by Mikhail Grabovski and loses puck.
4:22 of 2nd period - Snap shot by Stephane Veilleux.
4:22 of 2nd period - Shot Misses the Net.
6:03 of 2nd period - Brendan Ranford is hit by Yannick Weber and loses puck.
6:10 of 2nd period - Wrist shot by Vladimir Sobotka.
6:10 of 2nd period - Stopped by Harru Sateri without a rebound.
6:11 of 2nd period - Kyle Brodziak wins face-off versus Cal O'Reilly in Saguenéens zone.
6:48 of 2nd period - Stephane Veilleux is hit by Karel Pilar.
7:08 of 2nd period - Yannick Weber is hit by Dalton Prout and loses puck.
8:07 of 2nd period - Slapshot by Karel Pilar.
8:07 of 2nd period - Stopped by Josh Harding with a rebound.
8:52 of 2nd period - Snap shot by Cal O'Reilly.
8:52 of 2nd period - Shot Misses the Net.
8:58 of 2nd period - Snap shot by Beau Bennett.
8:58 of 2nd period - Shot Misses the Net.
9:13 of 2nd period - Slapshot by Kyle Brodziak.
9:13 of 2nd period - Shot Misses the Net.
9:15 of 2nd period - Backhand shot by Kyle Brodziak.
9:15 of 2nd period - Goal by Kyle Brodziak - Inferno : 1 - Saguenéens : 3.
9:16 of 2nd period - Mathieu Perreault wins face-off versus Stephane Veilleux in neutral zone.
9:31 of 2nd period - Snap shot by Mikhail Grabovski.
9:31 of 2nd period - Stopped by Harru Sateri with a rebound.
9:55 of 2nd period - Slapshot by Karel Pilar.
9:55 of 2nd period - Deflect By Tyler Pitlick.
9:55 of 2nd period - Shot Blocked by David Ullstrom.
9:55 of 2nd period - Puck is out of play.
9:56 of 2nd period - Brian Flynn wins face-off versus Brian Boyle in Inferno zone.
10:21 of 2nd period - Jonathan Ferland is hit by David Laliberté and loses puck.
10:28 of 2nd period - Wrist shot by David Laliberté.
10:28 of 2nd period - Shot Blocked by Brendan Mikkelson.
10:54 of 2nd period - Slapshot by Vladimir Sobotka.
10:54 of 2nd period - Shot Misses the Net.
10:56 of 2nd period - Snap shot by Brendan Mikkelson.
10:56 of 2nd period - Shot Misses the Net.
10:58 of 2nd period - Snap shot by Marc Methot.
10:58 of 2nd period - Stopped by Harru Sateri with a rebound.
11:08 of 2nd period - Wrist shot by Cal O'Reilly.
11:08 of 2nd period - Stopped by Harru Sateri without a rebound.
11:09 of 2nd period - Cal O'Reilly wins face-off versus Mathieu Perreault in Saguenéens zone.
11:18 of 2nd period - Tim Kennedy is hit by Colby Robak and loses puck.
11:37 of 2nd period - Snap shot by Jonathan Ferland.
11:37 of 2nd period - Deflect By Stephane Veilleux.
11:37 of 2nd period - Stopped by Harru Sateri with a rebound.
11:43 of 2nd period - Wrist shot by Brian Flynn.
11:43 of 2nd period - Shot Misses the Net.
11:45 of 2nd period - Wrist shot by Rhett Rakhshani.
11:45 of 2nd period - Goal by Rhett Rakhshani - Inferno : 1 - Saguenéens : 4.
11:46 of 2nd period - Kyle Brodziak wins face-off versus Mikhail Grabovski in neutral zone.
12:04 of 2nd period - Yannick Weber is hit by Kyle Brodziak and loses puck.
12:23 of 2nd period - Slapshot by Karel Pilar.
12:23 of 2nd period - Shot Blocked by Vladimir Sobotka.
13:37 of 2nd period - Snap shot by David Ullstrom.
13:37 of 2nd period - Stopped by Harru Sateri with a rebound.
13:39 of 2nd period - Slapshot by Colby Robak.
13:39 of 2nd period - Deflect By Vladimir Zharkov.
13:39 of 2nd period - Shot Blocked by Kris Russell.
13:39 of 2nd period - Puck is out of play.
13:40 of 2nd period - Stephane Veilleux wins face-off versus Mathieu Perreault in Saguenéens zone.
14:02 of 2nd period - Icing by Yannick Weber.
14:03 of 2nd period - Kyle Brodziak wins face-off versus Mikhail Grabovski in Inferno zone.
14:04 of 2nd period - Wrist shot by Karel Pilar.
14:04 of 2nd period - Stopped by Josh Harding without a rebound.
14:05 of 2nd period - Mikhail Grabovski wins face-off versus Kyle Brodziak in Inferno zone.
14:12 of 2nd period - Mikhail Grabovski is hit by J.T. Wyman and loses puck.
15:05 of 2nd period - Wrist shot by Cal O'Reilly.
15:05 of 2nd period - Shot Misses the Net.
15:53 of 2nd period - Vladimir Sobotka is hit by Kevin Marshall and loses puck.
16:22 of 2nd period - Wrist shot by Rhett Rakhshani.
16:22 of 2nd period - Shot Misses the Net.
16:34 of 2nd period - Dalton Prout is hit by Brendan Mikkelson and loses puck.
16:43 of 2nd period - Snap shot by Cal O'Reilly.
16:43 of 2nd period - Stopped by Harru Sateri with a rebound.
17:17 of 2nd period - Snap shot by David Laliberté.
17:17 of 2nd period - Stopped by Josh Harding with a rebound.
17:19 of 2nd period - Slapshot by Kris Russell.
17:19 of 2nd period - Stopped by Josh Harding with a rebound.
17:33 of 2nd period - Rhett Rakhshani is hit by Brian Boyle.
18:09 of 2nd period - Mikhail Grabovski is hit by Kyle Brodziak and loses puck.
18:22 of 2nd period - Christian Folin is hit by Brett Lebda and loses puck.
18:29 of 2nd period - Snap shot by David Laliberté.
18:29 of 2nd period - Stopped by Josh Harding with a rebound.
18:31 of 2nd period - Slapshot by Dalton Prout.
18:31 of 2nd period - Stopped by Josh Harding with a rebound.
19:04 of 2nd period - Snap shot by Tyler McNeely.
19:04 of 2nd period - Stopped by Josh Harding without a rebound.
19:05 of 2nd period - Brian Boyle wins face-off versus Brian Flynn in Inferno zone.
19:16 of 2nd period - Wrist shot by Brian Flynn.
19:16 of 2nd period - Deflect By Tyler McNeely.
19:16 of 2nd period - Stopped by Josh Harding with a rebound.
19:22 of 2nd period - Brian Flynn is hit by Brian Boyle and loses puck.
19:33 of 2nd period - Wrist shot by Pavel Vorobiev.
19:33 of 2nd period - Shot Misses the Net.
19:35 of 2nd period - Slapshot by Sami Vatanen.
19:35 of 2nd period - Stopped by Harru Sateri with a rebound.
19:43 of 2nd period - Wrist shot by Brian Boyle.
19:43 of 2nd period - Shot Blocked by Karel Pilar.
19:53 of 2nd period - Wrist shot by Pavel Vorobiev.
19:53 of 2nd period - Stopped by Harru Sateri without a rebound.
19:54 of 2nd period - Mikhail Grabovski wins face-off versus Kyle Brodziak in Saguenéens zone.
Goals for this period are 0 for Inferno vs 3 for Saguenéens.
Shots for this period are 11 for Inferno vs 19 for Saguenéens.
3rd period
0:01 of 3rd period - Kyle Brodziak wins face-off versus Mikhail Grabovski in neutral zone.
0:50 of 3rd period - Rhett Rakhshani is hit by Pavel Vorobiev and loses puck.
0:57 of 3rd period - Backhand shot by Pavel Vorobiev.
0:57 of 3rd period - Shot Misses the Net.
0:59 of 3rd period - Slapshot by Brendan Mikkelson.
0:59 of 3rd period - Deflect By Brian Boyle.
0:59 of 3rd period - Shot Blocked by Karel Pilar.
0:59 of 3rd period - Puck is out of play.
1:00 of 3rd period - Mikhail Grabovski wins face-off versus Kyle Brodziak in Saguenéens zone.
2:29 of 3rd period - Slapshot by Sami Vatanen.
2:29 of 3rd period - Deflect By David Ullstrom.
2:29 of 3rd period - Shot Misses the Net.
2:29 of 3rd period - Puck is out of play.
2:30 of 3rd period - Kyle Brodziak wins face-off versus Vladimir Sobotka in Saguenéens zone.
3:18 of 3rd period - Brandon Burlon is hit by Beau Bennett and loses puck.
3:45 of 3rd period - Vladimir Sobotka is hit by Jerry D'Amigo and loses puck.
3:52 of 3rd period - Dalton Prout is hit by Vladimir Sobotka and loses puck.
4:02 of 3rd period - Icing by Kyle Brodziak.
4:03 of 3rd period - Kyle Brodziak wins face-off versus Brian Boyle in Saguenéens zone.
4:03 of 3rd period - Kyle Brodziak is hit by Brian Boyle.
4:22 of 3rd period - Minor Penalty to Dalton Prout for Interference.
4:23 of 3rd period - Kyle Brodziak wins face-off versus Mikhail Grabovski in Saguenéens zone.
4:38 of 3rd period - Wrist shot by Mikhail Grabovski.
4:38 of 3rd period - Shot Misses the Net.
5:21 of 3rd period - Off-side.
5:22 of 3rd period - Mikhail Grabovski wins face-off versus Jim O'Brien in neutral zone.
5:25 of 3rd period - Snap shot by Brendan Mikkelson.
5:25 of 3rd period - Deflect By Jonathan Ferland.
5:25 of 3rd period - Stopped by Harru Sateri with a rebound.
5:27 of 3rd period - Snap shot by Jonathan Ferland.
5:27 of 3rd period - Shot Blocked by Karel Pilar.
5:29 of 3rd period - Snap shot by Mikhail Grabovski.
5:29 of 3rd period - Shot Misses the Net.
5:31 of 3rd period - Wrist shot by Yannick Weber.
5:31 of 3rd period - Shot Misses the Net.
5:41 of 3rd period - Karel Pilar is hit by Vladimir Zharkov and loses puck.
6:20 of 3rd period - Brett Lebda is hit by Cal O'Reilly and loses puck.
6:22 of 3rd period - Penalty to Dalton Prout is over, Dalton Prout is back on ice.
6:31 of 3rd period - Backhand shot by Brian Boyle.
6:31 of 3rd period - Shot Misses the Net.
6:42 of 3rd period - Brian Boyle is hit by Brett Lebda and loses puck.
6:47 of 3rd period - Slapshot by Brett Lebda.
6:47 of 3rd period - Shot Blocked by Brian Boyle.
7:00 of 3rd period - Off-side.
7:01 of 3rd period - Brian Flynn wins face-off versus Cal O'Reilly in neutral zone.
7:25 of 3rd period - Brendan Mikkelson is hit by Kyle Brodziak and loses puck.
7:48 of 3rd period - Wrist shot by Vladimir Sobotka.
7:48 of 3rd period - Deflect By Brandon Burlon.
7:48 of 3rd period - Shot Misses the Net.
7:48 of 3rd period - Puck is out of play.
7:49 of 3rd period - Mathieu Perreault wins face-off versus Mikhail Grabovski in Saguenéens zone.
7:49 of 3rd period - Kris Russell is hit by Mikhail Grabovski and loses puck.
7:53 of 3rd period - Icing by Kris Russell.
7:54 of 3rd period - David Laliberté wins face-off versus Mikhail Grabovski in Saguenéens zone.
7:54 of 3rd period - David Laliberté is hit by Sami Vatanen.
8:02 of 3rd period - Snap shot by Stephane Veilleux.
8:02 of 3rd period - Shot Misses the Net.
8:30 of 3rd period - Slapshot by David Laliberté.
8:30 of 3rd period - Stopped by Josh Harding without a rebound.
8:31 of 3rd period - Mikhail Grabovski wins face-off versus Kyle Brodziak in Inferno zone.
8:40 of 3rd period - Off-side.
8:41 of 3rd period - Mikhail Grabovski wins face-off versus Kyle Brodziak in neutral zone.
9:31 of 3rd period - Wrist shot by Jonathan Ferland.
9:31 of 3rd period - Shot Misses the Net.
9:36 of 3rd period - Off-side.
9:37 of 3rd period - Mathieu Perreault wins face-off versus Vladimir Sobotka in neutral zone.
9:42 of 3rd period - Wrist shot by David Laliberté.
9:42 of 3rd period - Shot Misses the Net.
10:02 of 3rd period - Brian Boyle is hit by Rhett Rakhshani and loses puck.
10:25 of 3rd period - Snap shot by Cal O'Reilly.
10:25 of 3rd period - Shot Blocked by Jim O'Brien.
10:41 of 3rd period - Kris Russell is hit by Vladimir Zharkov and loses puck.
10:54 of 3rd period - Brett Lebda is hit by Yannick Weber and loses puck.
12:06 of 3rd period - Wrist shot by Brian Boyle.
12:06 of 3rd period - Shot Misses the Net.
12:08 of 3rd period - Backhand shot by Colby Robak.
12:08 of 3rd period - Stopped by Harru Sateri without a rebound.
12:09 of 3rd period - Pavel Vorobiev wins face-off versus Kyle Brodziak in Saguenéens zone.
12:24 of 3rd period - Slapshot by Brandon Burlon.
12:24 of 3rd period - Shot Misses the Net.
12:43 of 3rd period - Slapshot by Pavel Vorobiev.
12:43 of 3rd period - Shot Misses the Net.
13:04 of 3rd period - Slapshot by Karel Pilar.
13:04 of 3rd period - Shot Blocked by Sami Vatanen.
13:10 of 3rd period - Slapshot by Sami Vatanen.
13:10 of 3rd period - Stopped by Harru Sateri with a rebound.
13:12 of 3rd period - Backhand shot by Sami Vatanen.
13:12 of 3rd period - Shot Blocked by Kyle Brodziak.
13:14 of 3rd period - Slapshot by Sami Vatanen.
13:14 of 3rd period - Shot Blocked by Karel Pilar.
13:19 of 3rd period - Icing by Karel Pilar.
13:20 of 3rd period - Mikhail Grabovski wins face-off versus Kyle Brodziak in Saguenéens zone.
13:21 of 3rd period - Snap shot by Jonathan Ferland.
13:21 of 3rd period - Stopped by Harru Sateri without a rebound.
13:22 of 3rd period - Jonathan Ferland wins face-off versus Mathieu Perreault in Saguenéens zone.
13:25 of 3rd period - Snap shot by Mikhail Grabovski.
13:25 of 3rd period - Shot Blocked by David Laliberté.
14:06 of 3rd period - Snap shot by Kevin Marshall.
14:06 of 3rd period - Stopped by Josh Harding with a rebound.
14:08 of 3rd period - Slapshot by Kevin Marshall.
14:08 of 3rd period - Stopped by Josh Harding with a rebound.
14:10 of 3rd period - Snap shot by Brett Lebda.
14:10 of 3rd period - Shot Blocked by Christian Folin.
14:12 of 3rd period - Wrist shot by Jerry D'Amigo.
14:12 of 3rd period - Stopped by Josh Harding with a rebound.
14:14 of 3rd period - Wrist shot by Brett Lebda.
14:14 of 3rd period - Stopped by Josh Harding with a rebound.
14:16 of 3rd period - Snap shot by Kevin Marshall.
14:16 of 3rd period - Stopped by Josh Harding without a rebound.
14:17 of 3rd period - Mathieu Perreault wins face-off versus Mikhail Grabovski in Inferno zone.
14:20 of 3rd period - Wrist shot by David Laliberté.
14:20 of 3rd period - Shot Misses the Net.
14:22 of 3rd period - Wrist shot by David Laliberté.
14:22 of 3rd period - Deflect By Mathieu Perreault.
14:22 of 3rd period - Goal by Mathieu Perreault - Inferno : 1 - Saguenéens : 5.
14:23 of 3rd period - Mikhail Grabovski wins face-off versus Kyle Brodziak in neutral zone.
14:28 of 3rd period - Snap shot by Stephane Veilleux.
14:28 of 3rd period - Goal by Stephane Veilleux - Inferno : 2 - Saguenéens : 5.
14:29 of 3rd period - Kyle Brodziak wins face-off versus Mikhail Grabovski in neutral zone.
14:36 of 3rd period - Slapshot by J.T. Wyman.
14:36 of 3rd period - Shot Misses the Net.
14:44 of 3rd period - Wrist shot by Kyle Brodziak.
14:44 of 3rd period - Stopped by Josh Harding without a rebound.
14:45 of 3rd period - Mathieu Perreault wins face-off versus David Ullstrom in Inferno zone.
14:46 of 3rd period - Slapshot by David Laliberté.
14:46 of 3rd period - Shot Blocked by Brendan Mikkelson.
14:48 of 3rd period - Snap shot by David Laliberté.
14:48 of 3rd period - Stopped by Josh Harding with a rebound.
14:50 of 3rd period - Snap shot by Mathieu Perreault.
14:50 of 3rd period - Stopped by Josh Harding with a rebound.
15:23 of 3rd period - Kris Russell is hit by Jonathan Ferland and loses puck.
15:34 of 3rd period - Anders Lee is hit by Tyler McNeely and loses puck.
15:35 of 3rd period - Anders Lee from Inferno is injured at 15:35 of 3rd period (Sprained Left Ankle).
15:36 of 3rd period - Kyle Brodziak wins face-off versus Mikhail Grabovski in Inferno zone.
16:30 of 3rd period - Snap shot by Brian Flynn.
16:30 of 3rd period - Shot Hit the Post.
16:32 of 3rd period - Snap shot by Tyler McNeely.
16:32 of 3rd period - Shot Hit the Post.
16:50 of 3rd period - Snap shot by Kevin Marshall.
16:50 of 3rd period - Stopped by Josh Harding with a rebound.
16:52 of 3rd period - Snap shot by Brett Lebda.
16:52 of 3rd period - Deflect By Kyle Brodziak.
16:52 of 3rd period - Shot Misses the Net.
16:52 of 3rd period - Puck is out of play.
16:53 of 3rd period - Vladimir Sobotka wins face-off versus Mathieu Perreault in Inferno zone.
17:19 of 3rd period - Off-side.
17:20 of 3rd period - Brian Boyle wins face-off versus Kyle Brodziak in neutral zone.
17:36 of 3rd period - Off-side.
17:37 of 3rd period - Mathieu Perreault wins face-off versus Vladimir Sobotka in neutral zone.
18:58 of 3rd period - Off-side.
18:59 of 3rd period - Mathieu Perreault wins face-off versus Mikhail Grabovski in neutral zone.
19:02 of 3rd period - Wrist shot by Tim Kennedy.
19:02 of 3rd period - Deflect By Mathieu Perreault.
19:02 of 3rd period - Shot Blocked by Marc Methot.
19:02 of 3rd period - Puck is out of play.
19:03 of 3rd period - Mathieu Perreault wins face-off versus Mikhail Grabovski in Inferno zone.
19:38 of 3rd period - Wrist shot by David Laliberté.
19:38 of 3rd period - Shot Hit the Post.
19:44 of 3rd period - Wrist shot by Mathieu Perreault.
19:44 of 3rd period - Stopped by Josh Harding with a rebound.
19:46 of 3rd period - Snap shot by David Laliberté.
19:46 of 3rd period - Stopped by Josh Harding with a rebound.
19:52 of 3rd period - Slapshot by Tim Kennedy.
19:52 of 3rd period - Shot Misses the Net.
19:54 of 3rd period - Slapshot by Karel Pilar.
19:54 of 3rd period - Stopped by Josh Harding with a rebound.
19:56 of 3rd period - Wrist shot by Karel Pilar.
19:56 of 3rd period - Deflect By Tim Kennedy.
19:56 of 3rd period - Shot Misses the Net.
19:56 of 3rd period - Puck is out of play.
19:57 of 3rd period - Tyler Pitlick wins face-off versus Vladimir Sobotka in Inferno zone.
Goals for this period are 1 for Inferno vs 1 for Saguenéens.
Shots for this period are 5 for Inferno vs 14 for Saguenéens.
Back to the Top